 Dungeon Crawl Stone Soup version 0.18.1-48-g4cf74bf (webtiles) character file.

111 Inkary the Shield-Bearer (level 4, -4/40 HPs)
             Began as a Minotaur Fighter on Aug 17, 2016.
             Slain by ThereIsNoGod's ghost (7 damage)
             ... on level 3 of the Dungeon.
             The game lasted 00:06:25 (1570 turns).

Inkary the Shield-Bearer (Minotaur Fighter)         Turns: 1570, Time: 00:06:25

Health: -4/40      AC:  8    Str: 26    XL:     4   Next: 62%
Magic:  3/3        EV:  7    Int: 10    God:
Gold:   93         SH:  9    Dex: 10    Spells: 0 memorised, 3 levels left

rFire  . . .     SeeInvis +     q - staff of poison
rCold  . . .     Gourm    .     b - +0 scale mail
rNeg   . . .     Faith    .     c - +0 shield
rPois  +         Spirit   .     (helmet restricted)
rElec  .         Dismiss  .     (no cloak)
rCorr  .         Reflect  .     (no gloves)
SustAt .         Harm     .     i - +0 pair of boots
MR     .....                    s - amulet of regeneration
Stlth  ..........               r - ring of wizardry
                                p - ring of see invisible

@: mighty, brilliant, drained, not resistant to hostile enchantments, extremely
unstealthy
A: retaliatory headbutt, horns 2
a: no special abilities


You were on level 3 of the Dungeon.
You were not hungry.

You visited 1 branch of the dungeon, and saw 3 of its levels.

You collected 93 gold pieces.

Inventory:

Armour
 b - a +0 scale mail (worn)
 c - a +0 shield (worn)
 i - a +0 pair of boots (worn)
Magical Staves
 q - an uncursed staff of poison (weapon)
Jewellery
 p - a ring of see invisible (left hand)
 r - a ring of wizardry (right hand)
 s - an amulet of regeneration (around neck)
Scrolls
 g - 3 scrolls of teleportation
 j - 2 scrolls of magic mapping
 k - a scroll of remove curse {unknown}
 o - a scroll of noise {unknown}
Potions
 d - a potion of might
 e - a potion of brilliance
Comestibles
 f - 5 bread rations
 h - 2 meat rations
 l - 2 beef jerkies
 t - a chunk of flesh


   Skills:
 + Level 4.2(3.2) Fighting
   Level 3.0(2.4) Maces & Flails
 * Level 2.4(2.1) Staves
 + Level 4.3(3.2) Armour
 + Level 4.6(3.5) Shields


You had 3 spell levels left.
You didn't know any spells.

Dungeon Overview and Level Annotations

Branches:
Dungeon (3/15)

Altars:
Pakellas

Annotations:
D:3 ThereIsNoGod's ghost, amateur MiGl


Innate Abilities, Weirdness & Mutations

You reflexively headbutt those who attack you in melee.
You have a pair of horns on your head.


Message History

You block ThereIsNoGod's ghost's attack.
You hit ThereIsNoGod's ghost but do no damage.
ThereIsNoGod's ghost is severely damaged.
ThereIsNoGod's ghost hits you.
Drink which item? (? for menu, Esc to quit)
You feel very mighty all of a sudden. ThereIsNoGod's ghost barely misses you.
You hit ThereIsNoGod's ghost.
ThereIsNoGod's ghost is severely damaged.
You block ThereIsNoGod's ghost's attack.
You barely miss ThereIsNoGod's ghost.
ThereIsNoGod's ghost is severely damaged.
ThereIsNoGod's ghost hits you!
* * * LOW HITPOINT WARNING * * *
You hit ThereIsNoGod's ghost.
ThereIsNoGod's ghost is severely damaged.
ThereIsNoGod's ghost hits you.
* * * LOW HITPOINT WARNING * * *
ThereIsNoGod's ghost hits you!
You die...

....................,,,,,,,,>,,,,
.>..................,******,*****
................#***,**,,,,,,,,,*
..............#.#***,,*+***,***,*
..#####.#.....#,,,,*,,,,,,,,* *,*
#.# #.#.########,*,,,,,,,,* *,*
#.# #..........#,*,,,,,,,,* *,,
#.# ###.######.#,*,,,,,,,,* ***
#.# #.##..,#@#,*,,,,,,,,* #.#
#.##..*#W#,*,,,,,,,,* #.#
#.##..##K#,***,,***,*****
#.#######.##....J#,* **,,,,,,,,,*
#.........##...###,****,***,***,*
############.......#,,,,,,,,,,,,*
*,,,,,,,,,*#..######,***,**,*****
*,**,,,,,,*#.J* *,* *,**,*
*,,,,,,,,,,...* *,* *,,*,*


You could see ThereIsNoGod's ghost, an ooze and a kobold.

Vanquished Creatures
  6 adders
  3 worms (D:2)
  A dart slug (D:1)
  2 giant geckos (D:1)
  4 bats
  2 giant cockroaches (D:1)
  7 goblins
  4 hobgoblins
  4 jackals (D:3)
  8 kobolds (D:2)
  A ball python (D:1)
  2 giant newts
  2 rats
46 creatures vanquished.

Vanquished Creatures (others)
  A tengu reaver (D:2)
1 creature vanquished.

Grand Total: 47 creatures vanquished

Notes
Turn   | Place    | Note
--------------------------------------------------------------
     0 | D:1      | Inkary the Minotaur Fighter began the quest for the Orb.
     0 | D:1      | Reached XP level 1. HP: 19/19 MP: 0/0
   284 | D:1      | Reached XP level 2. HP: 16/27 MP: 1/1
   707 | D:2      | Reached XP level 3. HP: 33/33 MP: 2/2
   821 | D:2      | Reached skill level 1 in Staves
   908 | D:2      | Reached XP level 4. HP: 20/40 MP: 3/3
  1229 | D:2      | Found an oddly glowing altar of Pakellas.
  1230 | D:2      | Noticed a tengu reaver
  1240 | D:2      | Killed a tengu reaver
  1543 | D:3      | Noticed ThereIsNoGod's ghost (amateur MiGl)
  1570 | D:3      | Slain by ThereIsNoGod's ghost

Skill      XL: |  1  2  3  4 |
---------------+-------------+-----
Shields        | 4 |  4.6
Armour         | 4 |  4.3
Maces & Flails | 3 |  3.0
Staves         | 1 2 |  2.4
Fighting       | 4 |  4.2

Action                   |  1- 3 |  4- 6 || total
-------------------------+-------+-------++-------
Melee: Flail             |    45 |       ||    45
       Headbutt          |    12 |     8 ||    20
       Staff             |    52 |    69 ||   121
  Use: Potion            |       |     3 ||     3
       Scroll            |       |     2 ||     2
  Eat: Chunk             |       |     2 ||     2
Armor: Scale mail        |    46 |    38 ||    84
Dodge: Dodged            |    28 |    26 ||    54
Block: Shield            |    42 |    42 ||    84
